 Dungeon Crawl Stone Soup version 0.29.1 (webtiles) character file.

Game seed: 788429492224300243

669 EvilAshe the Slasher (level 7, -3/52 HPs)
             Began as a Human Fighter on Sept 12, 2022.
             Slain by a kobold brigand
             ... wielding a +0 club
              (6 damage)
             ... on level 5 of the Dungeon.
             The game lasted 00:10:46 (4936 turns).

EvilAshe the Slasher (Human Fighter)                Turns: 4936, Time: 00:10:47

Health: -3/52      AC:  8    Str: 18    XL:     7   Next: 89%
Magic:  7/7        EV:  9    Int:  8    God:
Gold:   124        SH:  5    Dex: 13    Spells: 6/6 levels left

rFire   . . .      SeeInvis .   a - +0 long sword
rCold   . . .      Faith    .   c - +0 buckler
rNeg    . . .      Spirit   .   b - +0 scale mail
rPois   .          Reflect  .   t - +0 helmet
rElec   .          Harm     .   (no cloak)
rCorr   .          Rampage  .   (no gloves)
Will    .....                   (no boots)
Stlth   ..........              (no amulet)
HPRegen 0.17/turn               (no ring)
MPRegen 0.10/turn               (no ring)

@: lethally poisoned (-3 -> -5), hasted, very quick
A: no striking features
a: no special abilities


You were on level 5 of the Dungeon.
You visited 1 branch of the dungeon, and saw 6 of its levels.

You collected 212 gold pieces.
You spent 88 gold pieces at shops.

Inventory:

Hand Weapons
 a - a +0 long sword (weapon)
Missiles
 i - 28 stones
 n - 4 javelins (quivered)
Armour
 b - a +0 scale mail (worn)
 c - a +0 buckler (worn)
 t - a +0 helmet (worn)
Jewellery
 l - a +6 ring of strength
 p - a +6 ring of intelligence
 w - an amulet of reflection
Wands
 q - a wand of charming (15)
 r - a wand of acid (11)
Scrolls
 f - a scroll of amnesia
 g - 2 scrolls of fear
 k - a scroll of blinking {unknown}
 o - a scroll of enchant armour {unknown}
 s - a scroll of poison {unknown}
 u - 2 scrolls of summoning
 v - a scroll of butterflies {unknown}
Potions
 d - a potion of might
 h - a potion of mutation
 j - a potion of lignification {unknown}
 m - a potion of flight {unknown}
 x - a potion of degeneration {unknown}


   Skills:
 + Level 3.5 Fighting
 * Level 6.6 Long Blades
 + Level 3.5 Armour
 - Level 5.0 Shields


You had 6 spell levels left.
You didn't know any spells.
Your spell library contained the following spells:

 Spells                   Type           Power      Damage    Failure   Level
 Apportation              Tloc           0%         N/A       86%         1
 Beastly Appendage        Tmut           0%         N/A       86%         1
 Necrotise                Necr           0%         1d4       86%         1
 Summon Small Mammal      Summ           0%         N/A       86%         1
 Wereblood                Tmut           0%         N/A       95%         2
 Call Canine Familiar     Summ           0%         N/A       99%         3
 Portal Projectile        Hex/Tloc       0%         N/A       99%         3
 Spider Form              Tmut/Pois      0%         N/A       99%         3
 Vampiric Draining        Necr           0%         2d6       99%         3
 Hailstorm                Conj/Ice       0%         3d3       100%        4
 Ice Form                 Ice/Tmut       0%         N/A       100%        4
 Leda's Liquefaction      Hex/Erth       0%         N/A       100%        4
 Agony                    Necr           0%         N/A       100%        5
 Simulacrum               Ice/Necr       0%         N/A       100%        6


Dungeon Overview and Level Annotations

Branches:
Dungeon (6/15)
 Temple: D:4-7

Altars:

Shops:
D:2 !**   D:3 *

Annotations:
D:4 Pargi


Message History

You hit the kobold brigand.
The kobold brigand is lightly wounded.
The kobold brigand hits you with a +0 club.
You hit the kobold brigand.
The kobold brigand is moderately wounded.
The kobold brigand hits you with a +0 club.
The kobold brigand attacks as you move away!
The kobold brigand hits you with a +0 club.
The kobold brigand throws a poisoned dart.
The poisoned dart hits you!
You are poisoned.
You feel sick.
You feel sick.
You feel sick.
You feel sick.
The kobold brigand throws a poisoned dart.
The poisoned dart hits you!
You are more poisoned.
You feel very sick.
You feel yourself speed up.
You feel sick.
You feel sick.
The kobold brigand hits you but does no damage.
You closely miss the kobold brigand.
The kobold brigand is moderately wounded.
You feel sick.
You barely miss the kobold brigand.
The kobold brigand is moderately wounded.
The kobold brigand hits you with a +0 club.
* * * LOW HITPOINT WARNING * * *
You closely miss the kobold brigand.
The kobold brigand is moderately wounded.
You feel sick. The kobold brigand misses you.
You hit the kobold brigand.
The kobold brigand is moderately wounded.
You feel sick.
You hit the kobold brigand.
The kobold brigand is heavily wounded.
You feel sick.
The kobold brigand hits you with a +0 club.
You die...

#.##...............
#.#.#...#...#.#..[# #######
#.#..#..#..#...#..#
###.....#######.....#.#.#.....#.#
......#........##....###.......##
###...#####.......###############
#.### #.##.#..#####..## #.. #.##
#.##.#..........# ### #..####
#.#..#@######...#
#.....###.#.##K# #...#
##.≈≈≈.#........# #...# ###
##..≈$≈...#......######...#####..
##..≈≈≈...###.#.##..............#
##.........#.....K......<........
##.....##..#..#.##..............#
##..............#######)..####)..
###.#####......[# #...## #>##


You could see a kobold brigand.

Vanquished Creatures
  A water moccasin (D:5)
  A black bear (D:5)
  A phantom (D:5)
  2 howler monkeys (D:5)
  A jelly (D:5)
  3 hounds (D:5)
  An orc priest (D:5)
  An iguana (D:5)
  An orc wizard (D:5)
  3 adders
  2 white imps (D:5)
  An ufetubus (D:4)
  2 worms (D:2)
  A dart slug (D:2)
  6 orcs (D:5)
  12 bats
  4 endoplasms
  3 giant cockroaches
  10 goblins
  A hobgoblin (D:1)
  14 kobolds
  A quokka (D:2)
  3 ball pythons
  6 frilled lizards
  4 rats
85 creatures vanquished.

Notes
Turn   | Place    | Note
-------+----------+-------------------------------------------
     0 | D:1      | EvilAshe the Human Fighter began the quest for the Orb.
     0 | D:1      | Reached XP level 1. HP: 18/18 MP: 1/1
   131 | D:1      | Reached XP level 2. HP: 24/24 MP: 2/2
   564 | D:1      | Reached XP level 3. HP: 29/29 MP: 3/3
   919 | D:2      | Reached skill level 3 in Long Blades
   934 | D:2      | Found Wylyvys's Assorted Antiques.
  1015 | D:2      | Found Ceitaoc's Assorted Antiques.
  1041 | D:2      | Found Ytioclof's Distillery.
  1051 | D:2      | Bought a potion of might for 44 gold pieces
  1051 | D:2      | Bought a potion of might for 44 gold pieces
  1436 | D:3      | Found Kaduap's Assorted Antiques.
  1638 | D:3      | Reached XP level 4. HP: 35/35 MP: 4/4
  2729 | D:4      | Noticed Pargi
  2738 | D:5      | Entered Level 5 of the Dungeon
  2761 | D:5      | Reached skill level 4 in Long Blades
  2761 | D:5      | Reached XP level 5. HP: 32/41 MP: 5/5
  2773 | D:5      | HP: 2/41 [orc/+0 falchion (4)]
  3244 | D:5      | Reached XP level 6. HP: 35/47 MP: 6/6
  3346 | D:5      | Reached skill level 5 in Long Blades
  3352 | D:5      | Noticed a black bear
  3368 | D:6      | Noticed a wraith
  3653 | D:4      | Noticed an ogre
  3907 | D:5      | Noticed a water moccasin
  3916 | D:5      | Killed a water moccasin
  3917 | D:5      | Reached skill level 6 in Long Blades
  3917 | D:5      | Reached skill level 5 in Shields
  3917 | D:5      | Reached XP level 7. HP: 38/52 MP: 7/7
  4936 | D:5      | Slain by a kobold brigand

Illustrated notes

Levels and vault maps discovered:
D:1:      lightli_arrival_quake, layout_basic
D:2:      layout_rooms, serial_shops, shop, nicolae_square_shop,
          nicolae_shop_advertising_works [nicolae_subvault_shop_adworks], shop,
          amcnicky_mini_pool_small, kennysheep_generic_room_10
D:3:      layout_basic, serial_shops, shop, serial_corexii_hall,
          corexii_hall_statues_x, corexii_hall_statues_x, roderic_batcave
D:4:      layout_basic, nicolae_concentric_dashed_squares_mild, minmay_puff,
          uniq_pargi
D:5:      layout_loops_cross, corexii_item_surrounded_by_moat,
          hangedman_decor_diamond_cutter, kennysheep_cross_bottleneck
D:6:      layout_loops_ring, gammafunk_temple_overflow_pools,
          minmay_temple_entry_mini_moons, serial_shops, shop, eino_tiny_chamber,
          minivault_5, uniq_sigmund, uniq_eustachio

Skill      XL: |  1  2  3  4  5  6 |
---------------+-------------------+-----
Long Blades    | 3 4 6 |  6.6
Shields        | 4 5 |  5.0
Fighting       | |  3.5
Armour         | |  3.5

Action                   |  1- 3 |  4- 6 |  7- 9 || total
-------------------------+-------+-------+-------++-------
Melee: Long sword        |    98 |   140 |    82 ||   320
Throw: Stone             |     2 |     8 |       ||    10
       Javelin           |       |       |     3 ||     3
Evoke: Wand              |       |     2 |       ||     2
  Use: Potion            |       |     2 |     1 ||     3
       Scroll            |       |     4 |     1 ||     5
Armor: Scale mail        |    49 |    48 |    54 ||   151
Dodge: Dodged            |    36 |    75 |    29 ||   140
Block: Buckler           |    11 |    42 |    22 ||    75
